Avalanche vs Rangers

Created - Thursday, November 13, 2014 at 22:41

Goals
1 2 3 T
Avalanche 1 1 0 2
Rangers 0 1 0 1
Shots
1 2 3 T
Avalanche 11 8 12 31
Rangers 16 10 5 31

1st period

1. Avalanche , Troy Brouwer 3 (Mike Ribeiro) at 14:44

Penalties :
Jeff Skinner (NYR) for Tripping (Minor) at 19:25

2nd period

2. Rangers , Jay McClement 3 (Kevin Shattenkirk, Matt Moulson) at 7:51 (PP)
3. Avalanche , Troy Brouwer 4 (Claude Giroux, Trevor Lewis) at 18:26 (PP)

Penalties :
Troy Brouwer (Col) for Holding (Minor) at 0:43, Tyler Kennedy (Col) for Hooking (Minor) at 7:31, Maxim Lapierre (NYR) for Roughing (Minor) at 17:00

3rd period

No Goal

Penalties :
Maxim Lapierre (NYR) for Hooking (Minor) at 5:21, Nate Guenin (NYR) for High sticking (Minor) at 13:07

Goalie Stats

Semyon Varlamov (Col), 30 saves from 31 shots - (0.968), W, 8-5-1, 60:00 minutes
Tom McCollum (NYR), 29 saves from 31 shots - (0.935), L, 2-1-0, 60:00 minutes

Players Stats for Avalanche

Player Name              G  A  P  +/- PIM S  H  SB GA TA FO     MP     PP MP  PK MP  
------------------------------------------------------------------------------------
Benoit Pouliot           0  0  0   1  0   1  2  0  1  0  0/0    12:20   0:00   0:00 
Brad Stuart              0  0  0   0  0   0  0  3  0  2  0/0    21:22   2:39   1:38 
Braydon Coburn           0  0  0   1  0   2  2  1  1  2  0/0    22:35   2:39   1:18 
Claude Giroux            0  1  1   0  0   7  2  0  3  0  13/23  20:36   4:09   0:42 
Daniel Briere            0  0  0   0  0   4  0  0  0  0  0/1    14:19   2:20   0:00 
Joffrey Lupul            0  0  0   0  0   5  1  0  3  0  0/0    18:43   2:20   0:42 
Jordan Szwarz            0  0  0   0  0   0  3  0  1  0  0/0    15:00   0:00   0:00 
Kevin Westgarth          0  0  0   0  0   0  1  0  0  1  0/0     9:23   0:00   0:00 
Mike Mottau              0  0  0   0  0   3  0  1  0  0  0/0    15:14   0:00   0:00 
Mike Ribeiro             0  1  1   1  0   2  2  0  2  0  4/7    17:42   2:33   0:36 
Morgan Rielly            0  0  0   1  0   0  0  1  0  1  0/0    18:34   4:03   0:00 
Rene Bourque             0  0  0   0  0   0  1  0  2  0  0/0    11:59   0:00   0:00 
Rostislav Klesla         0  0  0   0  0   0  0  0  0  1  0/0    16:22   0:00   0:20 
Ryan McDonagh            0  0  0   0  0   3  2  2  2  0  0/0    25:53   4:03   0:00 
T.J. Hensick             0  0  0   0  0   0  1  0  0  0  3/7    13:37   0:00   0:00 
Trevor Lewis             0  1  1   0  0   0  2  0  3  0  0/3    15:20   4:22   0:56 
Troy Brouwer             2  0  2   1  2   4  2  1  7  0  2/3    19:18   4:21   0:20 
Tyler Kennedy            0  0  0   0  2   0  0  1  2  0  0/0     9:22   0:00   0:00 

Players Stats for Rangers

Player Name              G  A  P  +/- PIM S  H  SB GA TA FO     MP     PP MP  PK MP  
------------------------------------------------------------------------------------
Barret Jackman           0  0  0   0  0   1  0  1  0  1  0/0    23:14   1:19   3:52 
Daniel Alfredsson        0  0  0   0  0   0  0  0  1  0  0/0    11:28   0:28   0:25 
Daniel Sedin             0  0  0   0  0   2  1  1  3  0  0/1    17:12   1:03   0:25 
Francis Bouillon         0  0  0  -1  0   1  4  4  0  0  0/0    20:08   0:19   2:50 
James van Riemsdyk       0  0  0  -1  0   1  1  0  0  0  5/17   24:06   0:35   5:22 
Jamie McBain             0  0  0  -1  0   2  0  1  0  1  0/0    20:08   0:19   2:50 
Jay McClement            1  0  1   0  0   3  2  0  1  1  6/8    18:01   1:03   0:55 
Jeff Halpern             0  0  0   0  0   4  2  0  1  0  0/0    15:27   0:00   0:00 
Jeff Skinner             0  0  0  -1  2   3  0  1  0  0  2/4    10:21   0:07   0:00 
Justin Falk              0  0  0   0  0   0  0  0  0  0  0/0     0:00   0:00   0:00 
Kevin Shattenkirk        0  1  1   0  0   1  0  3  2  4  0/0    23:14   1:19   3:52 
Logan Couture            0  0  0   0  0   1  0  1  1  1  0/0    18:37   0:35   6:17 
Matt Moulson             0  1  1  -1  0   0  2  0  0  1  1/2     9:47   1:03   0:00 
Maxim Lapierre           0  0  0   0  4   3  1  1  0  0  8/10   15:35   0:00   0:00 
Nate Guenin              0  0  0   0  2   1  0  2  0  4  0/0    16:56   0:00   0:00 
Philip Larsen            0  0  0   0  0   1  1  1  0  0  0/0    16:38   0:00   0:00 
Radek Dvorak             0  0  0   0  0   2  0  0  0  1  0/1    16:14   0:00   0:00 
Tanner Glass             0  0  0   0  0   5  3  0  2  2  0/1    15:27   0:00   0:00 

3 Stars

1 - Troy Brouwer (Col)
2 - Semyon Varlamov (Col)
3 - Jay McClement (NYR)

Power Play

Avalanche - 1 on 4 Attempt(s) - 25.00%
Rangers - 1 on 2 Attempt(s) - 50.00%

Penalty Kill

Avalanche - 1 on 2 Attempt(s) - 50.00% - Score 0 goal in Penalty Kill
Rangers - 3 on 4 Attempt(s) - 75.00% - Score 0 goal in Penalty Kill

Official

Referees : Unknown
Linesman : Unknown

Game Notes

6:27 of 3rd period - Avalanche goal is going for a video replay. After video review, No Goal. The puck has entered the net after making contact with an attacking player’s stick that is above the height of the crossbar.

Finance

Level 1 -- Attendance: 5550 (92.50%) -- Ticket Income $471,750
Level 2 -- Attendance: 5000 (100.00%) -- Ticket Income $225,000
Level 3 -- Attendance: 1755 (87.75%) -- Ticket Income $50,895
Level 4 -- Attendance: 3843 (96.08%) -- Ticket Income $57,645
Luxury Box -- Attendance: 1000 (100.00%) -- Ticket Income $179,000
Game was played at the Madison Square Garden
Total Attendance: 17148 (95.27%)
Total Ticket Income: $984,290
Other Income: $482,302
Total Income: $1,466,592

Avalanche

5 vs 5 Forward 
   Center                   Left Wing                Right Wing               Time % Phy DF OF 
 1 Claude Giroux            Jordan Szwarz            Joffrey Lupul            35     1   2  2  
 2 Mike Ribeiro             Benoit Pouliot           Troy Brouwer             30     1   2  2  
 3 T.J. Hensick             Rene Bourque             Daniel Briere            22     1   2  2  
 4 Trevor Lewis             Tyler Kennedy            Kevin Westgarth          13     1   2  2  

5 vs 5 Defense 
   Defense                  Defense                                           Time % Phy DF OF 
 1 Brad Stuart              Ryan McDonagh                                     35     1   2  2  
 2 Braydon Coburn           Morgan Rielly                                     30     1   2  2  
 3 Mike Mottau              Rostislav Klesla                                  22     1   2  2  
 4 Ryan McDonagh            Braydon Coburn                                    13     1   2  2  

PowerPlay Forward 
   Center                   Left Wing                Right Wing               Time % Phy DF OF 
 1 Claude Giroux            Trevor Lewis             Troy Brouwer             60     1   2  2  
 2 Mike Ribeiro             Joffrey Lupul            Daniel Briere            40     1   2  2  

PowerPlay Defense
   Defense                  Defense                                           Time % Phy DF OF 
 1 Morgan Rielly            Ryan McDonagh                                     60     1   2  2  
 2 Braydon Coburn           Brad Stuart                                       40     1   2  2  

Penalty Kill 4 Players Forward 
   Center                   Wing                     Time % Phy DF OF 
 1 Troy Brouwer             Trevor Lewis             60     1   2  2  
 2 Claude Giroux            Benoit Pouliot           40     1   2  2  

Penalty Kill 4 Players Defense
   Defense                  Defense                  Time % Phy DF OF 
 1 Rostislav Klesla         Brad Stuart              60     1   2  2  
 2 Braydon Coburn           Ryan McDonagh            40     1   2  2  

Penalty Kill - 3 Players Forward 
   Forward                                           Time % Phy DF OF 
 1 Claude Giroux                                     60     1   2  2  
 2 Mike Ribeiro                                      40     1   2  2  

Penalty Kill - 3 Players Defense
   Defense                  Defense                  Time % Phy DF OF 
 1 Brad Stuart              Ryan McDonagh            60     1   2  2  
 2 Braydon Coburn           Morgan Rielly            40     1   2  2  

4 vs 4 Forward 
   Center                   Wing                     Time % Phy DF OF 
 1 Claude Giroux            Joffrey Lupul            60     1   2  2  
 2 Troy Brouwer             Daniel Briere            40     1   2  2  

4 vs 4 Defense
   Defense                  Defense                  Time % Phy DF OF 
 1 Morgan Rielly            Ryan McDonagh            60     1   2  2  
 2 Braydon Coburn           Brad Stuart              40     1   2  2  

Last Minutes Offensive
   Center                   Left Wing                Right Wing               Defense                  Defense                  
   Claude Giroux            Mike Ribeiro             Troy Brouwer             Rostislav Klesla         Ryan McDonagh            

Last Minutes Defensive
   Center                   Left Wing                Right Wing               Defense                  Defense                  
   Claude Giroux            Mike Ribeiro             Troy Brouwer             Rostislav Klesla         Ryan McDonagh            

Goaltenders
Starting : Semyon Varlamov          
Backup : Jack Campbell            

Extra Forwards
Normal : Claude Giroux, Trevor Lewis, Troy Brouwer - PP : Claude Giroux, Trevor Lewis - PK : Claude Giroux
Extra Defensemen
Normal : Ryan McDonagh, Morgan Rielly, Braydon Coburn - PP : Ryan McDonagh - PK : Morgan Rielly, Ryan McDonagh
Penalty Shots
Claude Giroux, Troy Brouwer, Mike Ribeiro, Trevor Lewis, Joffrey Lupul

Rangers

5 vs 5 Forward 
   Center                   Left Wing                Right Wing               Time % Phy DF OF 
 1 James van Riemsdyk       Logan Couture            Daniel Alfredsson        35     1   2  2  
 2 Jay McClement            Daniel Sedin             Radek Dvorak             30     1   2  2  
 3 Jeff Skinner             Matt Moulson             James van Riemsdyk       22     1   2  2  
 4 Maxim Lapierre           Tanner Glass             Jeff Halpern             13     1   2  2  

5 vs 5 Defense 
   Defense                  Defense                                           Time % Phy DF OF 
 1 Kevin Shattenkirk        Barret Jackman                                    35     1   2  2  
 2 Jamie McBain             Francis Bouillon                                  30     1   2  2  
 3 Nate Guenin              Philip Larsen                                     22     1   2  2  
 4 Kevin Shattenkirk        Barret Jackman                                    13     1   2  2  

PowerPlay Forward 
   Center                   Left Wing                Right Wing               Time % Phy DF OF 
 1 James van Riemsdyk       Logan Couture            Daniel Alfredsson        60     1   2  2  
 2 Jay McClement            Daniel Sedin             Matt Moulson             40     1   2  2  

PowerPlay Defense
   Defense                  Defense                                           Time % Phy DF OF 
 1 Kevin Shattenkirk        Barret Jackman                                    60     1   2  2  
 2 Jamie McBain             Francis Bouillon                                  40     1   2  2  

Penalty Kill 4 Players Forward 
   Center                   Wing                     Time % Phy DF OF 
 1 James van Riemsdyk       Logan Couture            60     1   2  2  
 2 Daniel Alfredsson        Daniel Sedin             40     1   2  2  

Penalty Kill 4 Players Defense
   Defense                  Defense                  Time % Phy DF OF 
 1 Kevin Shattenkirk        Barret Jackman           60     1   2  2  
 2 Jamie McBain             Francis Bouillon         40     1   2  2  

Penalty Kill - 3 Players Forward 
   Forward                                           Time % Phy DF OF 
 1 James van Riemsdyk                                60     1   2  2  
 2 Logan Couture                                     40     1   2  2  

Penalty Kill - 3 Players Defense
   Defense                  Defense                  Time % Phy DF OF 
 1 Kevin Shattenkirk        Barret Jackman           60     1   2  2  
 2 Jamie McBain             Francis Bouillon         40     1   2  2  

4 vs 4 Forward 
   Center                   Wing                     Time % Phy DF OF 
 1 James van Riemsdyk       Logan Couture            60     1   2  2  
 2 Daniel Alfredsson        Daniel Sedin             40     1   2  2  

4 vs 4 Defense
   Defense                  Defense                  Time % Phy DF OF 
 1 Kevin Shattenkirk        Barret Jackman           60     1   2  2  
 2 Jamie McBain             Francis Bouillon         40     1   2  2  

Last Minutes Offensive
   Center                   Left Wing                Right Wing               Defense                  Defense                  
   James van Riemsdyk       Logan Couture            Daniel Alfredsson        Kevin Shattenkirk        Barret Jackman           

Last Minutes Defensive
   Center                   Left Wing                Right Wing               Defense                  Defense                  
   James van Riemsdyk       Logan Couture            Daniel Alfredsson        Kevin Shattenkirk        Barret Jackman           

Goaltenders
Starting : Tom McCollum             
Backup : Jaroslav Halak           

Extra Forwards
Normal : Jeff Skinner, Matt Moulson, James van Riemsdyk - PP : Jeff Skinner, Matt Moulson - PK : James van Riemsdyk
Extra Defensemen
Normal : Nate Guenin, Philip Larsen, Jamie McBain - PP : Nate Guenin - PK : Philip Larsen, Jamie McBain
Penalty Shots
James van Riemsdyk, Logan Couture, Maxim Lapierre, Matt Moulson, Kevin Shattenkirk

% Time on Ice - Avalanche

Lines # - Real PCT - Wanted PCT - Time Play
Normal Forward
1 - 33% - 35% - 16:23
2 - 25% - 30% - 12:20
3 - 24% - 22% - 11:59
4 - 19% - 13% - 9:23
Normal Defense
1 - 34% - 35% - 17:00
2 - 28% - 30% - 13:55
3 - 30% - 22% - 15:08
4 - 8% - 13% - 4:02
PP Forward
1 - 65% - 60% - 4:22
2 - 35% - 40% - 2:20
PP Defense
1 - 60% - 60% - 4:03
2 - 40% - 40% - 2:39
PK Forward
1 - 100% - 60% - 1:38
2 - 0% - 40% - 0:00
PK Defense
1 - 20% - 60% - 0:20
2 - 80% - 40% - 1:18
PK3 Forward
1 - 0% - 60%
2 - 0% - 40%
PK3 Defense
1 - 0% - 60%
2 - 0% - 40%
44 Forward
1 - 100% - 60% - 0:41
2 - 0% - 40% - 0:00
44 Defense
1 - 0% - 60% - 0:00
2 - 100% - 40% - 0:41
Last Minute Offensive  - 0:00
Last Minute Defensive  - 0:54
Total
Forward - 60:00
Defense - 60:00

% Time on Ice - Rangers

Lines # - Real PCT - Wanted PCT - Time Play
Normal Forward
1 - 20% - 35% - 10:04
2 - 31% - 30% - 15:44
3 - 17% - 22% - 8:44
4 - 31% - 13% - 15:27
Normal Defense
1 - 31% - 35% - 15:17
2 - 33% - 30% - 16:18
3 - 31% - 22% - 15:38
4 - 6% - 13% - 2:46
PP Forward
1 - 36% - 60% - 0:35
2 - 64% - 40% - 1:03
PP Defense
1 - 81% - 60% - 1:19
2 - 19% - 40% - 0:19
PK Forward
1 - 94% - 60% - 6:17
2 - 6% - 40% - 0:25
PK Defense
1 - 58% - 60% - 3:52
2 - 42% - 40% - 2:50
PK3 Forward
1 - 0% - 60%
2 - 0% - 40%
PK3 Defense
1 - 0% - 60%
2 - 0% - 40%
44 Forward
1 - 100% - 60% - 0:41
2 - 0% - 40% - 0:00
44 Defense
1 - 0% - 60% - 0:00
2 - 100% - 40% - 0:41
Last Minute Offensive  - 1:00
Last Minute Defensive  - 0:00
Total
Forward - 60:00
Defense - 60:00

Play by Play

1st period


0:01 of 1st period - Claude Giroux wins face-off versus James van Riemsdyk in neutral zone.
0:12 of 1st period - Snap shot by Joffrey Lupul.
0:12 of 1st period - Stopped by Tom McCollum without a rebound.
0:13 of 1st period - Claude Giroux wins face-off versus James van Riemsdyk in Rangers zone.
0:14 of 1st period - Snap shot by Joffrey Lupul.
0:14 of 1st period - Stopped by Tom McCollum with a rebound.
0:16 of 1st period - Slapshot by Ryan McDonagh.
0:16 of 1st period - Shot Blocked by Barret Jackman.
0:26 of 1st period - Wrist shot by Claude Giroux.
0:26 of 1st period - Shot Misses the Net.
0:28 of 1st period - Slapshot by Ryan McDonagh.
0:28 of 1st period - Stopped by Tom McCollum with a rebound.
0:32 of 1st period - Slapshot by Claude Giroux.
0:32 of 1st period - Stopped by Tom McCollum without a rebound.
0:33 of 1st period - Jay McClement wins face-off versus Mike Ribeiro in Rangers zone.
0:47 of 1st period - Slapshot by Jamie McBain.
0:47 of 1st period - Stopped by Semyon Varlamov with a rebound.
0:49 of 1st period - Slapshot by Francis Bouillon.
0:49 of 1st period - Stopped by Semyon Varlamov with a rebound.
0:51 of 1st period - Wrist shot by Radek Dvorak.
0:51 of 1st period - Stopped by Semyon Varlamov with a rebound.
0:53 of 1st period - Wrist shot by Jay McClement.
0:53 of 1st period - Stopped by Semyon Varlamov with a rebound.
0:55 of 1st period - Slapshot by Francis Bouillon.
0:55 of 1st period - Shot Hit the Post.
1:03 of 1st period - Slapshot by Jay McClement.
1:03 of 1st period - Shot Misses the Net.
1:05 of 1st period - Wrist shot by Daniel Sedin.
1:05 of 1st period - Shot Misses the Net.
1:07 of 1st period - Slapshot by Jamie McBain.
1:07 of 1st period - Deflect By Troy Brouwer.
1:07 of 1st period - Stopped by Semyon Varlamov with a rebound.
1:09 of 1st period - Slapshot by Jay McClement.
1:09 of 1st period - Stopped by Semyon Varlamov with a rebound.
1:11 of 1st period - Wrist shot by Daniel Sedin.
1:11 of 1st period - Shot Misses the Net.
2:18 of 1st period - Slapshot by Trevor Lewis.
2:18 of 1st period - Deflect By Tyler Kennedy.
2:18 of 1st period - Shot Misses the Net.
2:18 of 1st period - Puck is out of play.
2:19 of 1st period - Maxim Lapierre wins face-off versus Trevor Lewis in Rangers zone.
3:01 of 1st period - Off-side.
3:02 of 1st period - Claude Giroux wins face-off versus Jay McClement in neutral zone.
3:07 of 1st period - Snap shot by Claude Giroux.
3:07 of 1st period - Stopped by Tom McCollum without a rebound.
3:08 of 1st period - Jay McClement wins face-off versus Claude Giroux in Rangers zone.
3:29 of 1st period - Wrist shot by Claude Giroux.
3:29 of 1st period - Shot Misses the Net.
3:31 of 1st period - Slapshot by Ryan McDonagh.
3:31 of 1st period - Shot Blocked by Kevin Shattenkirk.
3:41 of 1st period - Snap shot by Joffrey Lupul.
3:41 of 1st period - Shot Blocked by Kevin Shattenkirk.
3:45 of 1st period - Snap shot by Claude Giroux.
3:45 of 1st period - Stopped by Tom McCollum with a rebound.
4:06 of 1st period - Daniel Alfredsson is hit by Troy Brouwer and loses puck.
4:27 of 1st period - Snap shot by Logan Couture.
4:27 of 1st period - Stopped by Semyon Varlamov without a rebound.
4:28 of 1st period - T.J. Hensick wins face-off versus Tanner Glass in Avalanche zone.
4:39 of 1st period - Slapshot by Francis Bouillon.
4:39 of 1st period - Shot Blocked by Mike Mottau.
5:02 of 1st period - Slapshot by Rene Bourque.
5:02 of 1st period - Shot Blocked by Francis Bouillon.
5:04 of 1st period - Slapshot by Mike Mottau.
5:04 of 1st period - Stopped by Tom McCollum without a rebound.
5:05 of 1st period - Claude Giroux wins face-off versus James van Riemsdyk in Rangers zone.
5:56 of 1st period - Morgan Rielly is hit by Jay McClement and loses puck.
6:05 of 1st period - Wrist shot by Radek Dvorak.
6:05 of 1st period - Stopped by Semyon Varlamov with a rebound.
6:07 of 1st period - Slapshot by Nate Guenin.
6:07 of 1st period - Shot Blocked by Morgan Rielly.
6:37 of 1st period - Slapshot by Philip Larsen.
6:37 of 1st period - Stopped by Semyon Varlamov with a rebound.
6:49 of 1st period - Wrist shot by Maxim Lapierre.
6:49 of 1st period - Shot Misses the Net.
6:55 of 1st period - Snap shot by Tanner Glass.
6:55 of 1st period - Stopped by Semyon Varlamov with a rebound.
6:57 of 1st period - Wrist shot by Jeff Halpern.
6:57 of 1st period - Shot Blocked by Troy Brouwer.
6:59 of 1st period - Snap shot by Jamie McBain.
6:59 of 1st period - Shot Misses the Net.
7:01 of 1st period - Snap shot by Tanner Glass.
7:01 of 1st period - Stopped by Semyon Varlamov without a rebound.
7:02 of 1st period - Jeff Skinner wins face-off versus T.J. Hensick in Avalanche zone.
7:03 of 1st period - Snap shot by Matt Moulson.
7:03 of 1st period - Shot Misses the Net.
8:26 of 1st period - Tanner Glass is hit by Claude Giroux and loses puck.
9:00 of 1st period - Nate Guenin is hit by Trevor Lewis and loses puck.
9:17 of 1st period - Nate Guenin is hit by Trevor Lewis and loses puck.
9:36 of 1st period - Nate Guenin is hit by Rene Bourque and loses puck.
10:11 of 1st period - Barret Jackman is hit by Benoit Pouliot and loses puck.
11:01 of 1st period - Snap shot by Jeff Halpern.
11:01 of 1st period - Shot Hit the Post.
11:54 of 1st period - Ryan McDonagh is hit by Matt Moulson and loses puck.
12:21 of 1st period - Wrist shot by Claude Giroux.
12:21 of 1st period - Stopped by Tom McCollum with a rebound.
12:23 of 1st period - Snap shot by Ryan McDonagh.
12:23 of 1st period - Shot Misses the Net.
12:25 of 1st period - Wrist shot by Brad Stuart.
12:25 of 1st period - Shot Blocked by Logan Couture.
12:39 of 1st period - Ryan McDonagh is hit by Maxim Lapierre and loses puck.
12:46 of 1st period - Snap shot by Jeff Halpern.
12:46 of 1st period - Stopped by Semyon Varlamov with a rebound.
12:48 of 1st period - Slapshot by Kevin Shattenkirk.
12:48 of 1st period - Shot Blocked by Tyler Kennedy.
12:50 of 1st period - Slapshot by Kevin Shattenkirk.
12:50 of 1st period - Shot Blocked by Ryan McDonagh.
12:52 of 1st period - Wrist shot by Jeff Halpern.
12:52 of 1st period - Shot Misses the Net.
13:09 of 1st period - Slapshot by Kevin Shattenkirk.
13:09 of 1st period - Shot Misses the Net.
13:11 of 1st period - Slapshot by Kevin Shattenkirk.
13:11 of 1st period - Stopped by Semyon Varlamov with a rebound.
13:33 of 1st period - Snap shot by Daniel Briere.
13:33 of 1st period - Shot Misses the Net.
13:35 of 1st period - Wrist shot by Daniel Briere.
13:35 of 1st period - Shot Misses the Net.
14:01 of 1st period - Snap shot by Claude Giroux.
14:01 of 1st period - Stopped by Tom McCollum without a rebound.
14:02 of 1st period - Maxim Lapierre wins face-off versus Claude Giroux in Rangers zone.
14:17 of 1st period - Slapshot by Tanner Glass.
14:17 of 1st period - Stopped by Semyon Varlamov with a rebound.
14:35 of 1st period - Francis Bouillon is hit by Troy Brouwer and loses puck.
14:44 of 1st period - Wrist shot by Troy Brouwer.
14:44 of 1st period - Goal by Troy Brouwer - Avalanche : 1 - Rangers : 0.
14:45 of 1st period - Jay McClement wins face-off versus T.J. Hensick in neutral zone.
15:04 of 1st period - Wrist shot by Morgan Rielly.
15:04 of 1st period - Shot Blocked by Nate Guenin.
17:28 of 1st period - Braydon Coburn is hit by Matt Moulson and loses puck.
17:45 of 1st period - Wrist shot by James van Riemsdyk.
17:45 of 1st period - Stopped by Semyon Varlamov with a rebound.
18:15 of 1st period - Brad Stuart is hit by Jeff Halpern and loses puck.
18:42 of 1st period - Wrist shot by Mike Ribeiro.
18:42 of 1st period - Shot Hit the Post.
18:44 of 1st period - Wrist shot by Troy Brouwer.
18:44 of 1st period - Stopped by Tom McCollum without a rebound.
18:45 of 1st period - Claude Giroux wins face-off versus Jeff Skinner in Rangers zone.
19:03 of 1st period - Snap shot by Jeff Skinner.
19:03 of 1st period - Stopped by Semyon Varlamov with a rebound.
19:25 of 1st period - Minor Penalty to Jeff Skinner for Tripping.
19:26 of 1st period - James van Riemsdyk wins face-off versus Claude Giroux in Rangers zone.
Goals for this period are 1 for Avalanche vs 0 for Rangers.
Shots for this period are 11 for Avalanche vs 16 for Rangers.

2nd period


0:01 of 2nd period - Claude Giroux wins face-off versus James van Riemsdyk in neutral zone.
0:43 of 2nd period - Minor Penalty to Troy Brouwer for Holding.
0:44 of 2nd period - Claude Giroux wins face-off versus James van Riemsdyk in Avalanche zone.
1:25 of 2nd period - Penalty to Jeff Skinner is over, Jeff Skinner is back on ice.
1:38 of 2nd period - Joffrey Lupul is hit by Francis Bouillon and loses puck.
1:47 of 2nd period - Snap shot by Daniel Sedin.
1:47 of 2nd period - Stopped by Semyon Varlamov with a rebound.
1:49 of 2nd period - Slapshot by Barret Jackman.
1:49 of 2nd period - Shot Blocked by Brad Stuart.
1:51 of 2nd period - Slapshot by Barret Jackman.
1:51 of 2nd period - Shot Misses the Net.
2:21 of 2nd period - Kevin Shattenkirk is hit by Braydon Coburn.
2:33 of 2nd period - Snap shot by James van Riemsdyk.
2:33 of 2nd period - Shot Misses the Net.
2:43 of 2nd period - Penalty to Troy Brouwer is over, Troy Brouwer is back on ice.
2:54 of 2nd period - Slapshot by Maxim Lapierre.
2:54 of 2nd period - Deflect By Tanner Glass.
2:54 of 2nd period - Stopped by Semyon Varlamov with a rebound.
2:56 of 2nd period - Backhand shot by Tanner Glass.
2:56 of 2nd period - Stopped by Semyon Varlamov with a rebound.
3:14 of 2nd period - Slapshot by Maxim Lapierre.
3:14 of 2nd period - Stopped by Semyon Varlamov with a rebound.
3:59 of 2nd period - Rene Bourque is hit by James van Riemsdyk and loses puck.
4:08 of 2nd period - Snap shot by Mike Mottau.
4:08 of 2nd period - Stopped by Tom McCollum with a rebound.
4:10 of 2nd period - Slapshot by Mike Mottau.
4:10 of 2nd period - Shot Blocked by Nate Guenin.
4:12 of 2nd period - Wrist shot by Daniel Briere.
4:12 of 2nd period - Stopped by Tom McCollum with a rebound.
4:28 of 2nd period - Snap shot by Rene Bourque.
4:28 of 2nd period - Shot Misses the Net.
4:47 of 2nd period - Philip Larsen is hit by Jordan Szwarz and loses puck.
5:53 of 2nd period - Wrist shot by Mike Ribeiro.
5:53 of 2nd period - Stopped by Tom McCollum with a rebound.
5:55 of 2nd period - Slapshot by Ryan McDonagh.
5:55 of 2nd period - Deflect By Troy Brouwer.
5:55 of 2nd period - Shot Hit the Post.
5:55 of 2nd period - Puck is out of play.
5:56 of 2nd period - Jay McClement wins face-off versus Mike Ribeiro in Rangers zone.
7:23 of 2nd period - Slapshot by Barret Jackman.
7:23 of 2nd period - Stopped by Semyon Varlamov with a rebound.
7:25 of 2nd period - Slapshot by Kevin Shattenkirk.
7:25 of 2nd period - Shot Blocked by Ryan McDonagh.
7:31 of 2nd period - Minor Penalty to Tyler Kennedy for Hooking.
7:32 of 2nd period - Troy Brouwer wins face-off versus Matt Moulson in Avalanche zone.
7:47 of 2nd period - Slapshot by Kevin Shattenkirk.
7:47 of 2nd period - Shot Blocked by Brad Stuart.
7:49 of 2nd period - Slapshot by Kevin Shattenkirk.
7:49 of 2nd period - Shot Blocked by Brad Stuart.
7:51 of 2nd period - Snap shot by Jay McClement.
7:51 of 2nd period - Goal by Jay McClement - Avalanche : 1 - Rangers : 1.
7:52 of 2nd period - Maxim Lapierre wins face-off versus Claude Giroux in neutral zone.
7:55 of 2nd period - Rostislav Klesla is hit by Tanner Glass and loses puck.
9:02 of 2nd period - Ryan McDonagh is hit by Jay McClement and loses puck.
10:18 of 2nd period - Icing by T.J. Hensick.
10:19 of 2nd period - Maxim Lapierre wins face-off versus T.J. Hensick in Avalanche zone.
10:22 of 2nd period - Snap shot by Maxim Lapierre.
10:22 of 2nd period - Deflect By Jeff Halpern.
10:22 of 2nd period - Stopped by Semyon Varlamov without a rebound.
10:23 of 2nd period - Claude Giroux wins face-off versus Maxim Lapierre in Avalanche zone.
12:12 of 2nd period - Off-side.
12:13 of 2nd period - James van Riemsdyk wins face-off versus Trevor Lewis in neutral zone.
12:55 of 2nd period - Barret Jackman is hit by Kevin Westgarth and loses puck.
13:12 of 2nd period - Slapshot by Claude Giroux.
13:12 of 2nd period - Shot Blocked by Kevin Shattenkirk.
13:14 of 2nd period - Slapshot by Braydon Coburn.
13:14 of 2nd period - Stopped by Tom McCollum without a rebound.
13:15 of 2nd period - Maxim Lapierre wins face-off versus Claude Giroux in Rangers zone.
13:38 of 2nd period - Snap shot by Claude Giroux.
13:38 of 2nd period - Shot Blocked by Francis Bouillon.
13:40 of 2nd period - Slapshot by Braydon Coburn.
13:40 of 2nd period - Shot Misses the Net.
13:42 of 2nd period - Snap shot by Claude Giroux.
13:42 of 2nd period - Stopped by Tom McCollum without a rebound.
13:43 of 2nd period - James van Riemsdyk wins face-off versus Troy Brouwer in Rangers zone.
13:48 of 2nd period - Ryan McDonagh is hit by Philip Larsen and loses puck.
14:21 of 2nd period - Logan Couture is hit by Ryan McDonagh and loses puck.
14:29 of 2nd period - Icing by Philip Larsen.
14:30 of 2nd period - T.J. Hensick wins face-off versus James van Riemsdyk in Rangers zone.
14:33 of 2nd period - Slapshot by Daniel Briere.
14:33 of 2nd period - Stopped by Tom McCollum with a rebound.
15:01 of 2nd period - Slapshot by Kevin Shattenkirk.
15:01 of 2nd period - Deflect By Daniel Sedin.
15:01 of 2nd period - Stopped by Semyon Varlamov without a rebound.
15:02 of 2nd period - Claude Giroux wins face-off versus Maxim Lapierre in Avalanche zone.
15:02 of 2nd period - Claude Giroux is hit by Tanner Glass.
15:18 of 2nd period - Barret Jackman is hit by Joffrey Lupul and loses puck.
15:29 of 2nd period - Slapshot by Kevin Shattenkirk.
15:29 of 2nd period - Deflect By Jeff Halpern.
15:29 of 2nd period - Shot Misses the Net.
15:29 of 2nd period - Puck is out of play.
15:30 of 2nd period - Mike Ribeiro wins face-off versus Radek Dvorak in Avalanche zone.
15:59 of 2nd period - Morgan Rielly is hit by Francis Bouillon and loses puck.
16:29 of 2nd period - Francis Bouillon is hit by Braydon Coburn and loses puck.
16:36 of 2nd period - Backhand shot by Daniel Briere.
16:36 of 2nd period - Stopped by Tom McCollum with a rebound.
16:38 of 2nd period - Slapshot by Brad Stuart.
16:38 of 2nd period - Shot Blocked by Jamie McBain.
16:40 of 2nd period - Wrist shot by Ryan McDonagh.
16:40 of 2nd period - Shot Blocked by Jeff Skinner.
16:54 of 2nd period - Wrist shot by Rene Bourque.
16:54 of 2nd period - Shot Misses the Net.
17:00 of 2nd period - Minor Penalty to Maxim Lapierre for Roughing.
17:01 of 2nd period - Claude Giroux wins face-off versus James van Riemsdyk in Rangers zone.
18:26 of 2nd period - Snap shot by Claude Giroux.
18:26 of 2nd period - Deflect By Troy Brouwer.
18:26 of 2nd period - Goal by Troy Brouwer - Avalanche : 2 - Rangers : 1.
18:27 of 2nd period - Jay McClement wins face-off versus Claude Giroux in neutral zone.
19:10 of 2nd period - Brad Stuart is hit by Daniel Sedin and loses puck.
19:34 of 2nd period - Snap shot by Jeff Halpern.
19:34 of 2nd period - Stopped by Semyon Varlamov without a rebound.
19:35 of 2nd period - Maxim Lapierre wins face-off versus Trevor Lewis in Avalanche zone.
19:38 of 2nd period - Slapshot by Maxim Lapierre.
19:38 of 2nd period - Stopped by Semyon Varlamov with a rebound.
19:40 of 2nd period - Wrist shot by Tanner Glass.
19:40 of 2nd period - Shot Misses the Net.
19:42 of 2nd period - Slapshot by Nate Guenin.
19:42 of 2nd period - Shot Blocked by Braydon Coburn.
Goals for this period are 1 for Avalanche vs 1 for Rangers.
Shots for this period are 8 for Avalanche vs 10 for Rangers.

3rd period


0:01 of 3rd period - Mike Ribeiro wins face-off versus James van Riemsdyk in neutral zone.
0:16 of 3rd period - Snap shot by Mike Ribeiro.
0:16 of 3rd period - Stopped by Tom McCollum with a rebound.
0:18 of 3rd period - Slapshot by Mike Ribeiro.
0:18 of 3rd period - Deflect By Barret Jackman.
0:18 of 3rd period - Shot Misses the Net.
0:18 of 3rd period - Puck is out of play.
0:19 of 3rd period - Mike Ribeiro wins face-off versus James van Riemsdyk in Rangers zone.
0:41 of 3rd period - Kevin Shattenkirk is hit by Benoit Pouliot and loses puck.
1:06 of 3rd period - Barret Jackman is hit by Claude Giroux and loses puck.
1:17 of 3rd period - Wrist shot by Claude Giroux.
1:17 of 3rd period - Shot Blocked by Daniel Sedin.
1:19 of 3rd period - Snap shot by Mike Mottau.
1:19 of 3rd period - Stopped by Tom McCollum without a rebound.
1:20 of 3rd period - Jay McClement wins face-off versus Daniel Briere in Rangers zone.
2:28 of 3rd period - Tanner Glass is hit by Jordan Szwarz and loses puck.
2:50 of 3rd period - Slapshot by Brad Stuart.
2:50 of 3rd period - Deflect By Claude Giroux.
2:50 of 3rd period - Shot Blocked by Philip Larsen.
2:50 of 3rd period - Puck is out of play.
2:51 of 3rd period - James van Riemsdyk wins face-off versus Mike Ribeiro in Rangers zone.
4:03 of 3rd period - Snap shot by Trevor Lewis.
4:03 of 3rd period - Shot Misses the Net.
4:15 of 3rd period - Slapshot by Ryan McDonagh.
4:15 of 3rd period - Stopped by Tom McCollum with a rebound.
4:31 of 3rd period - Matt Moulson is hit by Ryan McDonagh.
4:39 of 3rd period - Ryan McDonagh is hit by Francis Bouillon and loses puck.
4:52 of 3rd period - Wrist shot by Joffrey Lupul.
4:52 of 3rd period - Stopped by Tom McCollum without a rebound.
4:53 of 3rd period - Maxim Lapierre wins face-off versus T.J. Hensick in Rangers zone.
5:18 of 3rd period - Snap shot by Rene Bourque.
5:18 of 3rd period - Shot Blocked by Maxim Lapierre.
5:21 of 3rd period - Minor Penalty to Maxim Lapierre for Hooking.
5:22 of 3rd period - Claude Giroux wins face-off versus James van Riemsdyk in Rangers zone.
5:26 of 3rd period - Slapshot by Morgan Rielly.
5:26 of 3rd period - Shot Misses the Net.
5:28 of 3rd period - Snap shot by Ryan McDonagh.
5:28 of 3rd period - Deflect By James van Riemsdyk.
5:28 of 3rd period - Stopped by Tom McCollum without a rebound.
5:29 of 3rd period - James van Riemsdyk wins face-off versus Claude Giroux in Rangers zone.
6:02 of 3rd period - Snap shot by Claude Giroux.
6:02 of 3rd period - Stopped by Tom McCollum with a rebound.
6:20 of 3rd period - Barret Jackman is hit by Mike Ribeiro and loses puck.
6:25 of 3rd period - Snap shot by Joffrey Lupul.
6:25 of 3rd period - Stopped by Tom McCollum with a rebound.
6:27 of 3rd period - Wrist shot by Joffrey Lupul.
6:27 of 3rd period - Avalanche goal is going for a video replay.
6:27 of 3rd period - The goal is refused. The puck has entered the net after making contact with an attacking player’s stick that is above the height of the crossbar..
6:28 of 3rd period - Mike Ribeiro wins face-off versus James van Riemsdyk in Rangers zone.
6:55 of 3rd period - Backhand shot by Mike Ribeiro.
6:55 of 3rd period - Shot Misses the Net.
6:57 of 3rd period - Slapshot by Braydon Coburn.
6:57 of 3rd period - Stopped by Tom McCollum with a rebound.
7:21 of 3rd period - Penalty to Maxim Lapierre is over, Maxim Lapierre is back on ice.
7:41 of 3rd period - Jay McClement is hit by T.J. Hensick and loses puck.
8:40 of 3rd period - Snap shot by Maxim Lapierre.
8:40 of 3rd period - Stopped by Semyon Varlamov without a rebound.
8:41 of 3rd period - Maxim Lapierre wins face-off versus Claude Giroux in Avalanche zone.
9:11 of 3rd period - Icing by Brad Stuart.
9:12 of 3rd period - Jeff Skinner wins face-off versus Claude Giroux in Avalanche zone.
9:19 of 3rd period - Snap shot by Jeff Skinner.
9:19 of 3rd period - Stopped by Semyon Varlamov with a rebound.
9:43 of 3rd period - Snap shot by Benoit Pouliot.
9:43 of 3rd period - Stopped by Tom McCollum with a rebound.
9:45 of 3rd period - Backhand shot by Troy Brouwer.
9:45 of 3rd period - Stopped by Tom McCollum with a rebound.
9:47 of 3rd period - Backhand shot by Braydon Coburn.
9:47 of 3rd period - Deflect By Troy Brouwer.
9:47 of 3rd period - Shot Blocked by Francis Bouillon.
9:47 of 3rd period - Puck is out of play.
9:48 of 3rd period - T.J. Hensick wins face-off versus Jay McClement in Rangers zone.
9:49 of 3rd period - Snap shot by Daniel Briere.
9:49 of 3rd period - Shot Misses the Net.
10:43 of 3rd period - Rostislav Klesla is hit by Tanner Glass.
10:51 of 3rd period - Benoit Pouliot is hit by Jeff Halpern and loses puck.
11:28 of 3rd period - Slapshot by Jeff Skinner.
11:28 of 3rd period - Stopped by Semyon Varlamov without a rebound.
11:29 of 3rd period - Matt Moulson wins face-off versus Claude Giroux in Avalanche zone.
11:42 of 3rd period - Snap shot by Claude Giroux.
11:42 of 3rd period - Shot Misses the Net.
11:44 of 3rd period - Slapshot by Joffrey Lupul.
11:44 of 3rd period - Deflect By Claude Giroux.
11:44 of 3rd period - Shot Blocked by Francis Bouillon.
11:44 of 3rd period - Puck is out of play.
11:45 of 3rd period - Claude Giroux wins face-off versus Daniel Sedin in Rangers zone.
12:50 of 3rd period - Wrist shot by Mike Ribeiro.
12:50 of 3rd period - Shot Misses the Net.
13:07 of 3rd period - Minor Penalty to Nate Guenin for High sticking.
13:08 of 3rd period - Troy Brouwer wins face-off versus James van Riemsdyk in Rangers zone.
15:07 of 3rd period - Penalty to Nate Guenin is over, Nate Guenin is back on ice.
15:12 of 3rd period - Snap shot by Troy Brouwer.
15:12 of 3rd period - Shot Misses the Net.
16:13 of 3rd period - Barret Jackman is hit by Mike Ribeiro and loses puck.
16:48 of 3rd period - Nate Guenin is hit by Jordan Szwarz and loses puck.
17:34 of 3rd period - Icing by Braydon Coburn.
17:35 of 3rd period - Claude Giroux wins face-off versus Jeff Skinner in Avalanche zone.
17:35 of 3rd period - Claude Giroux is hit by Francis Bouillon.
17:47 of 3rd period - Wrist shot by Daniel Briere.
17:47 of 3rd period - Stopped by Tom McCollum with a rebound.
18:54 of 3rd period - Wrist shot by Jeff Halpern.
18:54 of 3rd period - Stopped by Semyon Varlamov with a rebound.
18:56 of 3rd period - Slapshot by Nate Guenin.
18:56 of 3rd period - Stopped by Semyon Varlamov with a rebound.
Goals for this period are 0 for Avalanche vs 0 for Rangers.
Shots for this period are 12 for Avalanche vs 5 for Rangers.


Output by the SimonT Hockey Simulator (STHS) for Eric Dolegowski -- Original Page W3C XHTML 1.0 Valid
Hockey Simulator - Hockey Simulation - Hockey Manager